 Dungeon Crawl Stone Soup version 0.30-a0-1160-g6e42c06551 (webtiles) character file.

Game seed: 17830892308082340357

51 Conn the Firebug (level 3, 0/21 HPs)
             Began as an Octopode Fire Elementalist on Apr 25, 2023.
             Slain by a goblin
             ... wielding a +0 dagger
             ... led by Robin
              (3 damage)
             ... on level 2 of the Dungeon.
             The game lasted 00:02:40 (1008 turns).

Conn the Firebug (Octopode Fire Elementalist)       Turns: 1008, Time: 00:02:42

Health: 0/21       AC:  1    Str:  7    XL:     3   Next: 83%
Magic:  6/6        EV: 13    Int: 19    God:
Gold:   104        SH:  0    Dex: 12    Spells: 6/7 levels left

rFire   . . .        b - +1 spear (heavy)
rCold   . . .        (no shield)
rNeg    . . .        (helmet restricted)
rPois   .            (no amulet)
rElec   .            (no ring)
rCorr   .            (no ring)
SInv    .            (no ring)
Will    .....        (no ring)
Stlth   +++          (no ring)
HPRegen 0.23/turn    (no ring)
MPRegen 0.10/turn    (no ring)
                     (no ring)

%: no passive effects
@: lethally poisoned (0 -> -2), attractive
A: almost no armour, amphibious, 8 rings, camouflage 1, gelatinous body 1,
(nimble swimmer 1), tentacles
a: no special abilities


You were on level 2 of the Dungeon.
You visited 1 branch of the dungeon, and saw 2 of its levels.

You collected 104 gold pieces.

Inventory:

Hand Weapons
 b - a +1 heavy spear (weapon)
Missiles
 e - 2 curare-tipped darts (quivered)
Scrolls
 d - a scroll of vulnerability {unknown}
 f - a scroll of acquirement {unknown}
 g - a scroll of immolation {unknown}
Potions
 a - a potion of magic
 c - a potion of attraction
 h - 2 potions of curing {unknown}
 i - a potion of haste {unknown}
 j - 2 potions of invisibility {unknown}
 k - a potion of berserk rage {unknown}
 l - a potion of degeneration {unknown}


   Skills:
 + Level 2.2 Dodging
 + Level 2.9 Stealth
 + Level 2.6 Spellcasting
 + Level 1.2 Conjurations
 + Level 3.8 Fire Magic


You had 6 spell levels left.
You knew the following spells:

 Your Spells              Type           Power      Damage    Failure   Level
a - Foxfire               Conj/Fire      48%        2x1d6     5%          1

Your spell library contained the following spells:

 Spells                   Type           Power      Damage    Failure   Level
 Scorch                   Fire           34%        2d6       4%          2
 Inner Flame              Hex/Fire       9%         N/A       22%         3
 Volatile Blastmotes      Fire/Tloc      18%        2d11      22%         3
 Flame Wave               Conj/Fire      12%        2d6       50%         4


Dungeon Overview and Level Annotations

Branches:
Dungeon (2/15)

Altars:

Annotations:
D:2 Robin


Innate Abilities, Weirdness & Mutations

You cannot wear most types of armour.
You are amphibious.
You can wear up to eight rings at the same time.
Your skin changes colour to match your surroundings (Stealth+).
Your rubbery body absorbs attacks. (AC +1, EV +1)
((You are camouflaged when in or above water. (Stealth+)))
You have tentacles for arms and can constrict up to eight enemies at once.


Message History

An adder comes into view.
A hobgoblin and 2 goblins come into view.
The goblin shouts!
The adder hisses angrily.
You hear an angry hiss.
The goblin shouts!
You hear a shout! x2 2 goblins come into view.
The goblin shouts!
You hear a shout! x2
Robin of the Strong Arm comes into view.
They are wielding a +2 heavy spear.
A goblin comes into view. It is wielding a +0 dagger.
The adder barely misses you.
You closely miss the adder.
The goblin shouts!
Your grab misses the adder.
You hear a shout!
A goblin comes into view. It is wielding a +0 club.
The adder bites you but does no damage.
A hobgoblin comes into view.
Robin throws the goblin at you! The adder bites you.
You are poisoned.
The adder poisons you!
The hobgoblin shouts!
You hit the goblin. Your grab misses the goblin.
The goblin is moderately wounded.
You feel sick. The adder closely misses you.
A hobgoblin comes into view.
Robin throws the goblin at you! The goblin misses you.
The goblin hits you with a +0 dagger. The adder bites you.
The goblin hits you with a +0 dagger. The goblin hits you with a +0 club.
Casting: Foxfire (safe; 5% risk of failure)
Confirm with . or Enter, or press ? or * to list all spells.
Okay, then.
Unknown command.
Okay, then.
Unknown command.
It was a potion of attraction.
You feel attractive to monsters.
You feel sick. The adder closely misses you.
The goblin hits you with a +0 club.
* * * LOW HITPOINT WARNING * * *
The goblin hits you with a +0 dagger.
You die...

............
#.####.##..#### #.#
##.#.###.. #.######..#
#.# # #.........# #.#
#.## #####.....#######.#
..g..#.............§...#
...gggg###..##.#########
#..gggS@g...##.# #
####.#####..##.## .
#..........∩.#
########._...#
#......⌠.# #)##.....#
#.##..#### #.##..#
..##[.#


You could see Robin, an adder, 3 hobgoblins and 5 goblins.

Vanquished Creatures
  A gnoll (D:1)
  An adder (D:2)
  2 ball pythons (D:1)
  2 endoplasms (D:1)
  A giant cockroach (D:1)
  5 goblins
  4 hobgoblins
  4 kobolds (D:1)
  3 quokkas (D:1)
  2 bats (D:1)
  2 rats (D:1)
27 creatures vanquished.

Vanquished Creatures (others)
  65 foxfires
65 creatures vanquished.

Grand Total: 92 creatures vanquished

Notes
Turn   | Place    | Note
-------+----------+-------------------------------------------
     0 | D:1      | Conn the Octopode Fire Elementalist began the quest for the
                  | Orb.
     0 | D:1      | Reached XP level 1. HP: 11/11 MP: 3/3
   208 | D:1      | Reached XP level 2. HP: 17/17 MP: 1/5
   526 | D:1      | Reached XP level 3. HP: 15/21 MP: 3/6
   944 | D:2      | Found a faded altar of an unknown god.
  1005 | D:2      | Noticed Robin
  1008 | D:2      | Slain by a goblin

Illustrated notes

Levels and vault maps discovered:
D:1:      amcnicky_arrival_flooded_fountain, layout_basic, minivault_27,
          minmay_pentomino_o2
D:2:      layout_loops_ring, ebering_ecumenical_altar_abandoned,
          minmay_gold_behind_fungi, uniq_robin

Action                     || total
---------------------------++-------
  Melee: Spear             ||    21
         Constrict         ||     9
         Tentacles         ||     5
   Cast: Foxfire           ||    39
    Use: Potion            ||     1
   Stab: Sleeping          ||     3
 Armour: Skin              ||     2
  Dodge: Dodged            ||    11

Table legend: (Time is in decaauts)
 A = Elapsed time spent in this place.
 B = Non-inter-level travel time spent in this place.
 C = Inter-level travel time spent in this place.
 D = Time resting spent in this place.
 E = Time spent auto-exploring this place.
 F = Levels seen in this place.
 G = Mean time per level.
                   A        B        C        D        E       F      G
               +--------+--------+--------+--------+--------+-----+--------+
         Total |   1021 |    996 |     25 |      0 |    680 |   2 |  510.5 |
       Dungeon |   1021 |    996 |     25 |      0 |    680 |   2 |  510.5 |
               +--------+--------+--------+--------+--------+-----+--------+

Top non-repeatable levels by time:
     D:1: 896 daAuts
     D:2: 124 daAuts
